 Dungeon Crawl Stone Soup version 0.25-a0-603-g0321be95db (webtiles) character file.

Game seed: 14523612639930687150, levelgen mode: deterministic

7955 CryoSword the Grappler (level 11, 0/98 HPs)
             Began as a Troll Transmuter on Mar 16, 2020.
             Was a Priest of Kikubaaqudgha.
             Shot with an arrow by a centaur (8 damage)
             ... on level 11 of the Dungeon.
             The game lasted 00:57:03 (9228 turns).

CryoSword the Grappler (Troll Transmuter)           Turns: 9228, Time: 00:57:04

Health: 0/98       AC: 17    Str: 20    XL:     11   Next: 3%
Magic:  16/16      EV: 11    Int: 15    God:    Kikubaaqudgha [***...]
Gold:   556        SH:  0    Dex: 10    Spells: 8/18 levels left

rFire    . . .     SeeInvis .     - Unarmed
rCold    . . .     Gourm    +   (no shield)
rNeg     . . .     Faith    .   R - +0 robe "Kuma" {Int+3} (curse)
rPois    .         Spirit   .   (helmet restricted)
rElec    .         Reflect  .   I - +2 cloak
rCorr    .         Harm     .   (gloves unavailable)
MR       .....                  (boots unavailable)
Stlth    +.........             q - amulet of magic regeneration
HPRegen  0.66/turn              i - +3 ring of protection
MPRegen  0.40/turn              G - +5 ring of protection

@: about to teleport, appendage (expiring)
A: large, unfitting armour, claws 3, horns 2, fast metabolism 3, gourmand,
regeneration 1, shaggy fur 1, tough skin 3
a: End Transformation, Receive Corpses, Renounce Religion


You were on level 11 of the Dungeon.
You worshipped Kikubaaqudgha.
Kikubaaqudgha was most pleased with you.
You were full.
You had grown temporary horns.
You visited 2 branches of the dungeon, and saw 12 of its levels.

You collected 556 gold pieces.

Inventory:

Missiles
 a - 177 arrows
 h - 16 poisoned darts
 p - 6 datura-tipped darts
 r - 7 curare-tipped darts {!f}
 w - 13 boomerangs
 N - 4 large rocks (quivered)
Armour
 I - a +2 cloak (worn)
   (You took it off Crazy Yiuf on level 6 of the Dungeon)
 L - a +0 kite shield
   (You found it on level 8 of the Dungeon)
 R - the cursed +0 robe "Kuma" (worn) {Int+3}
   (You found it on level 9 of the Dungeon)

   It affects your intelligence (+3).
   It has a curse placed upon it.
Jewellery
 i - a +3 ring of protection (left claw)
   (You found it on level 1 of the Dungeon)
 o - a +2 ring of strength
   (You took it off a kobold on level 2 of the Dungeon)
 q - an amulet of magic regeneration (around neck)
   (You found it on level 7 of the Dungeon)
 G - a +5 ring of protection (right claw)
   (You found it on level 5 of the Dungeon)
Wands
 l - a wand of disintegration (5)
   (You found it on level 3 of the Dungeon)
 t - a wand of iceblast (17)
   (You found it on level 3 of the Dungeon)
 v - a wand of clouds (7)
   (You found it on level 5 of the Dungeon)
 K - a wand of digging (4)
   (You found it on level 10 of the Dungeon)
 P - a wand of scattershot (6)
   (You found it on level 9 of the Dungeon)
Scrolls
 b - 2 scrolls of magic mapping {unknown}
 g - 5 scrolls of remove curse {@r2}
 m - 4 scrolls of enchant armour
 s - 3 scrolls of blinking {unknown}
 u - a scroll of teleportation {@r4}
 x - 2 scrolls of identify {@r1}
 y - a scroll of fear {unknown}
 A - a scroll of noise {unknown}
 C - a scroll of amnesia {unknown}
 D - a scroll of enchant weapon {unknown}
 E - 2 scrolls of immolation {!r}
 H - a scroll of vulnerability {unknown}
 M - 2 scrolls of acquirement {unknown}
 O - a scroll of fog {unknown}
Potions
 c - 2 potions of curing {@q1}
 e - 4 potions of flight {unknown}
 f - a potion of lignification {unknown}
 j - 6 potions of haste {@q3}
 k - a potion of mutation {unknown}
 n - a potion of berserk rage {unknown}
 z - 2 potions of brilliance {unknown}
 B - 3 potions of heal wounds {unknown}
 F - a potion of might
 J - 2 potions of invisibility {unknown}
 Q - a potion of stabbing {unknown}
 S - a potion of ambrosia {unknown}
 T - a potion of magic {unknown}
Comestibles
 d - 21 rations {!d}


   Skills:
 - Level 3.9 Fighting
 - Level 4.2 Dodging
 + Level 3.7 Shields
 + Level 8.9 Unarmed Combat
 + Level 4.1 Spellcasting
 * Level 5.7 Necromancy
 + Level 6.3 Transmutations


You had 8 spell levels left.
You knew the following spells:

 Your Spells              Type           Power        Failure   Level  Hunger
a - Beastly Appendage     Tmut           ###...       1%          1    None
b - Sticks to Snakes      Tmut           ###.....     1%          2    ##.....
c - Pain                  Necr           ###.         1%          1    None
d - Corpse Rot            Necr/Air       N/A          9%          2    ##.....
e - Animate Dead          Necr           N/A          17%         4    ####...

Your spell library contained the following spells:

 Spells                   Type           Power        Failure   Level  Hunger
 Sublimation of Blood     Necr           ###.......   2%          2    ##.....
 Vampiric Draining        Necr           ###.......   4%          3    ###....
 Spider Form              Tmut/Pois      ##........   14%         3    ###....
 Dispel Undead            Necr           ###.....     17%         4    ####...
 Blade Hands              Tmut           ###.......   36%         5    ######.
 Ice Form                 Ice/Tmut       ##......     43%         4    ####...
 Irradiate                Conj/Tmut      ##........   80%         5    ######.
 Borgnjor's Vile Clutch   Necr/Erth      ##........   83%         5    ######.
 Hydra Form               Tmut           ###.......   90%         6    #######
 Death Channel            Necr           ###.......   95%         6    #######
 Simulacrum               Ice/Necr       ##........   100%        6    #######
 Statue Form              Tmut/Erth      ##.......    100%        6    #######
 Dragon Form              Tmut           ###.......   100%        7    #######


Dungeon Overview and Level Annotations

Branches:
Dungeon (11/15)            Temple (1/1) D:6            Lair (0/6) D:8
    Orc: D:9-12

Altars:
Ashenzari
Cheibriados
Dithmenos
Elyvilon
Fedhas
Gozag
Hepliaklqana
Kikubaaqudgha
Makhleb
Nemelex Xobeh
Okawaru
Qazlal
Ru
Sif Muna
Trog
Uskayaw
Vehumet
Wu Jian
Xom
Yredelemnul
Zin
The Shining One

Portals:
Trove: D:10 (give +3 storm dragon scales)

Annotations:
D:11 Erica


Innate Abilities, Weirdness & Mutations

You are too large for most types of armour.
You have claws for hands.
Your metabolism is lightning-fast.
You like to eat raw meat.
Your natural rate of healing is unusually fast.
You are covered in fur. (AC +1)
You have extremely tough skin. (AC +3)
You have a pair of horns on your head.


Message History

Something hits your iguana zombie! Something burns your iguana zombie.
Your iguana zombie is destroyed!
You swap places.
Something hits your ball python zombie!
Something burns your ball python zombie.
Your ball python zombie is destroyed!
There is a stone staircase leading up here.
You feel sick.
A worker ant comes into view.
The worker ant bites your iguana zombie!
Something hits your iguana zombie. Something burns your iguana zombie.
You feel sick.
Your iguana zombie bites something but does no damage.
Something hits your kobold zombie. Something burns your kobold zombie.
Your kobold zombie is destroyed!
Your iguana zombie closely misses something.
Something hits you. Something burns you.
Your iguana zombie barely misses something.
You closely miss something.
You feel sick. Something hits you but does no damage.
Your iguana zombie closely misses something.
You scratch something but do no damage.
Casting: Animate Dead (slightly dangerous; 17% risk of failure)
Confirm with . or Enter, or press ? or * to list all spells.
You grow a pair of large bovine horns.
Something hits you! Something burns you.
Your iguana zombie barely misses something.
You miss something. You headbutt something. Something hits you.
Something burns you.
Your iguana zombie barely misses something.
You mangle something!!
You feel sick.
You hear some strange, mumbled words.
A lance of force appears from out of thin air!
The lance of force hits you!!
* * * LOW HITPOINT WARNING * * *
You are knocked back by the lance of force.
You slam into the rock wall!
* * * LOW HITPOINT WARNING * * *
Your goblin zombie seems to slow down.
You feel sick. Something hits your black bear zombie.
Something burns your black bear zombie.
The worker ant barely misses your black bear zombie.
The worker ant bites your black bear zombie.
You hear some strange, mumbled words.
Your black bear zombie seems to slow down.
The worker ant completely misses your black bear zombie.
Something hits your black bear zombie! Something burns your black bear zombie.
The worker ant bites your black bear zombie!
You feel sick.
You are no longer poisoned.
The worker ant bites your black bear zombie.
Something hits your black bear zombie! Something burns your black bear zombie.
The worker ant bites your black bear zombie.
Something hits your black bear zombie but does no damage.
The worker ant bites your black bear zombie.
Your black bear zombie is destroyed!
Something hits you.
* * * LOW HITPOINT WARNING * * *
Something burns you.
* * * LOW HITPOINT WARNING * * *
The worker ant bites you but does no damage.
You claw something! Your headbutt misses something. The worker ant bites you.
* * * LOW HITPOINT WARNING * * *
You barely miss something. Something barely misses you.
The worker ant bites you but does no damage.
A bullfrog skeleton comes into view.
Something barely misses your goblin zombie.
You claw the worker ant!
The worker ant is almost dead.
You hear the faint beating of a very distant drum.
Erica appears from thin air!
Reactivating autopickup.
Your iguana zombie bites the worker ant.
The worker ant dies!
Kikubaaqudgha accepts your kill.
Your goblin zombie barely misses Erica.
Erica hits your goblin zombie with a +3 scimitar of flaming!
Erica burns your goblin zombie.
Your goblin zombie is destroyed!
Your iguana zombie closely misses Erica.
Erica mumbles some strange words.
Erica flickers and vanishes!
Deactivating autopickup; reactivate with Ctrl-A.
You see here a worker ant corpse.
You miss something. You closely miss something. Your headbutt misses something.
You hear some strange, mumbled words.
A bolt of poison appears from out of thin air!
The bolt of poison hits you!
You are poisoned.
* * * LOW HITPOINT WARNING * * *
Okay, then.
As you read the scroll of teleportation {@r4}, it crumbles to dust.
You feel strangely unstable.
You feel sick.
You hear some strange, mumbled words.
A lance of force appears from out of thin air!
The lance of force hits you.
* * * LOW HITPOINT WARNING * * *
You are knocked back by the lance of force.
You slam into the rock wall!
You feel better.
The bullfrog skeleton barely misses you.
You scratch the bullfrog skeleton.
The bullfrog skeleton is moderately damaged.
Something hits your iguana zombie! Something burns your iguana zombie.
The bullfrog skeleton hits you.
* * * LOW HITPOINT WARNING * * *
You scratch the bullfrog skeleton but do no damage.
The bullfrog skeleton is moderately damaged.
Your iguana zombie bites the bullfrog skeleton!
The bullfrog skeleton hits you but does no damage.
Something hits your iguana zombie. Something burns your iguana zombie.
Your iguana zombie is destroyed!
You barely miss the bullfrog skeleton.
The bullfrog skeleton is severely damaged.
The bullfrog skeleton closely misses you.
You mangle the bullfrog skeleton!!
You destroy the bullfrog skeleton!
Kikubaaqudgha accepts your kill.
Your surroundings suddenly seem different.
A centaur comes into view.
The centaur shouts!
A centaur comes into view.
The centaur shouts!
A centaur comes into view.
The centaur shouts!
A centaur comes into view.
The centaur shouts!
A quasit comes into view.
The quasit gives a chilling moan.
An adder comes into view.
The adder hisses angrily.
The centaur wields a +0 shortbow.
The centaur shoots an arrow.
The arrow hits you!
* * * LOW HITPOINT WARNING * * *
A centaur comes into view.
The centaur wields a +0 shortbow.
The centaur shoots an arrow.
The arrow hits you but does no damage.
The centaur wields a +0 shortbow.
The centaur shoots an arrow.
The arrow hits you.
* * * LOW HITPOINT WARNING * * *
A hound zombie comes into view.
You hear a shout!
The centaur shouts!
Found five items.
As you read the scroll of teleportation {@r4}, it crumbles to dust.
You feel strangely unstable.
Your transformation is almost over.
The centaur wields a cursed -3 shortbow.
The centaur shoots an arrow.
The arrow closely misses you.
The centaur shoots an arrow.
The arrow hits you!
You die...
Kikubaaqudgha rasps: "You have failed me!
Welcome... death!"

.#.##.. . .....
.. ..... %$.
.... # .$.=
##..# ...
.....#...##c...
.....Z(.....c..
.....S.@..?.c.#
...$........c..
........5c.....
...............
........###..#.
..#...... ..# .
#...... .#
.##..## #


You could see 5 centaurs, a quasit, an adder and a hound zombie.

Vanquished Creatures
  A two-headed ogre (D:9)
  An unseen horror (D:9)
  A komodo dragon (D:8)
  A troll (D:9)
  Prince Ribbit (D:6)
  A spriggan (D:7)
  A wyvern (D:9)
  4 yaks (D:9)
  Eustachio (D:6)
  Grum (D:9)
  Duvessa (D:7)
  3 ice beasts
  2 orc warriors
  3 black bears (D:9)
  A hornet zombie (D:7)
  2 phantoms
  An ogre (D:9)
  An eye of draining (D:9)
  5 centaurs
  A necrophage (D:8)
  3 wolves (D:9)
  5 bullfrogs
  Dowan (D:7)
  3 scorpions
  10 killer bees
  11 wights
  3 howler monkeys
  3 crimson imps
  A bullfrog zombie (D:9)
  Crazy Yiuf (D:6)
  8 orc priests
  3 hounds
  2 bullfrog skeletons
  2 centaur skeletons
  A gnoll shaman (D:4)
  2 iguanas
  6 orc wizards
  7 worker ants
  A hound zombie (D:7)
  A hound skeleton (D:9)
  A howler monkey zombie (D:8)
  8 gnolls (D:4)
  8 adders
  2 howler monkey skeletons
  A shadow imp (D:7)
  An ooze (D:3)
  2 adder skeletons
  2 worms
  2 dart slugs (D:1)
  2 leopard geckos
  33 orcs
  5 bats
  6 giant cockroaches
  9 goblins
  11 hobgoblins
  10 jackals
  5 quokkas
  3 ball pythons
  A frilled lizard (D:2)
  A jackal skeleton (D:5)
  4 kobolds
  A quokka skeleton (D:8)
  5 rats
230 creatures vanquished.

Vanquished Creatures (collateral kills)
  A bullfrog (D:9)
  A scorpion (D:8)
  A killer bee (D:7)
  3 wights (D:9)
  An orc priest (D:9)
  A worker ant (D:11)
  3 orcs
11 creatures vanquished.

Vanquished Creatures (others)
  A worker ant (D:4)
  2 plants (D:8)
3 creatures vanquished.

Grand Total: 244 creatures vanquished

Notes
Turn   | Place    | Note
-------+----------+-------------------------------------------
     0 | D:1      | CryoSword the Troll Transmuter began the quest for the Orb.
     0 | D:1      | Reached XP level 1. HP: 18/18 MP: 1/1
   143 | D:1      | Reached skill level 1 in Fighting
   143 | D:1      | Reached XP level 2. HP: 24/27 MP: 0/2
   691 | D:1      | Learned a level 2 spell: Sticks to Snakes
   971 | D:2      | Reached XP level 3. HP: 33/33 MP: 1/3
  1116 | D:2      | Found a white marble altar of Elyvilon.
  1380 | D:2      | Reached XP level 4. HP: 41/41 MP: 2/4
  2044 | D:3      | Reached skill level 4 in Unarmed Combat
  2215 | D:3      | Reached XP level 5. HP: 48/48 MP: 3/5
  2500 | D:4      | Found a shimmering altar of Xom.
  2645 | D:4      | Found a blossoming altar of Fedhas.
  2658 | D:4      | Found a shadowy altar of Dithmenos.
  2746 | D:4      | Reached XP level 6. HP: 54/57 MP: 3/7
  3019 | D:4      | Reached skill level 5 in Unarmed Combat
  3148 | D:5      | Entered Level 5 of the Dungeon
  3276 | D:5      | Reached XP level 7. HP: 65/65 MP: 2/8
  3838 | D:6      | Found a runed translucent door.
  3839 | D:6      | Noticed Crazy Yiuf
  3885 | D:6      | Killed Crazy Yiuf
  3903 | D:6      | Found a staircase to the Ecumenical Temple.
  3919 | Temple   | Entered the Ecumenical Temple
  3959 | Temple   | Became a worshipper of Kikubaaqudgha
  3995 | D:6      | Reached XP level 8. HP: 74/74 MP: 8/10
  4066 | D:6      | Noticed Eustachio
  4069 | D:6      | Noticed Prince Ribbit
  4078 | D:6      | Killed Eustachio
  4078 | D:6      | Reached skill level 6 in Unarmed Combat
  4110 | D:6      | Killed Prince Ribbit
  4566 | D:6      | Found a shimmering altar of Xom.
  4569 | D:6      | Found a hide-covered altar of Uskayaw.
  4963 | D:7      | Reached skill level 7 in Unarmed Combat
  4971 | D:6      | Reached skill level 5 in Transmutations
  5017 | D:7      | Reached XP level 9. HP: 65/84 MP: 9/12
  5134 | D:7      | Reached * piety under Kikubaaqudgha
  5134 | D:7      | Identified Kikubaaqudgha's Handbook of Unholy Arts
                  | (Kikubaaqudgha gifted it to you on level 7 of the Dungeon)
  5134 | D:7      | Received a gift from Kikubaaqudgha
  5138 | D:7      | Learned a level 1 spell: Pain
  5226 | D:7      | Noticed Dowan
  5226 | D:7      | Noticed Duvessa
  5236 | D:7      | Killed Dowan
  5268 | D:7      | Killed Duvessa
  5275 | D:7      | Reached skill level 1 in Necromancy
  5382 | D:7      | Found a glowing golden altar of the Shining One.
  5552 | D:7      | Learned a level 2 spell: Corpse Rot
  5588 | D:8      | Found a staircase to the Lair.
  5589 | D:8      | Noticed a komodo dragon
  5692 | D:8      | Killed a komodo dragon
  5692 | D:8      | Reached skill level 1 in Shields
  5777 | D:8      | Found a sparkling altar of Nemelex Xobeh.
  6232 | D:8      | Reached ** piety under Kikubaaqudgha
  6234 | D:8      | Reached skill level 8 in Unarmed Combat
  6555 | D:8      | Reached XP level 10. HP: 92/92 MP: 12/14
  6885 | D:9      | Noticed Grum
  6914 | D:9      | Killed Grum
  7777 | D:9      | Killed an unseen horror
  7846 | D:9      | Reached skill level 5 in Necromancy
  8047 | D:9      | Reached *** piety under Kikubaaqudgha
  8047 | D:9      | Identified Kikubaaqudgha's Catalogue of Necromancy
                  | (Kikubaaqudgha gifted it to you on level 9 of the Dungeon)
  8047 | D:9      | Received a gift from Kikubaaqudgha
  8070 | D:9      | Learned a level 4 spell: Animate Dead
  8220 | D:9      | Noticed a two-headed ogre
  8234 | D:9      | Killed a two-headed ogre
  8247 | D:9      | Got a fabulously ornate robe
  8281 | D:9      | Identified the cursed +0 robe "Kuma" {Int+3} (You found it
                  | on level 9 of the Dungeon)
  8504 | D:10     | Entered Level 10 of the Dungeon
  8651 | D:10     | Found a portal to a secret trove of treasure.
  8683 | D:10     | Reached XP level 11. HP: 87/98 MP: 16/16
  9176 | D:11     | Noticed Erica
  9228 | D:11     | Shot with an arrow by a centaur

Levels and vault maps discovered:
D:1:      minmay_arrival_hallway, layout_basic
D:2:      layout_basic, elyvilon_altar_5, minmay_close_crescents
D:3:      layout_basic
D:4:      layout_basic, grunt_temple_overflow_open, first_ration,
          xom_confusion_cloud
D:5:      layout_layer_cave
D:6:      layout_gridville, minitemple, minmay_temple_entry_trees, serial_glass,
          glass_columns_a, glass_columns_c, minmay_strange_pillars,
          minmay_strange_pillars, minmay_holes, nrook_mini_backslash,
          uniq_eustachio, uniq_crazy_yiuf_cottage, uniq_prince_ribbit1
D:7:      layout_rooms, tso_altar, the_bakery, uniq_duvessa
D:8:      layout_loops_corners, nemelex_xobeh_ov_fountains_minmay,
          david_lair_shrubbed
D:9:      layout_gridville, uniq_grum
D:10:     layout_irregular_city, enter_trove_0
D:11:     layout_cave_pools, gauntlet_entry_generic, uniq_harold, uniq_psyche,
          uniq_erolcha, uniq_erica
Temple:   eino_wide_crystal_templ

Skill      XL: |  1  2  3  4  5  6  7  8  9 10 |
---------------+-------------------------------+-----
Fighting       | 1 2 3 |  3.9
Transmutations | 2 3 4 5 6 |  6.3
Dodging        | 2 3 4 |  4.2
Unarmed Combat | 4 5 7 8 |  8.9
Spellcasting   | 2 3 4 |  4.1
Necromancy     | 3 5 |  5.7
Shields        | 2 3 |  3.7

Action                   |  1- 3 |  4- 6 |  7- 9 | 10-12 || total
-------------------------+-------+-------+-------+-------++-------
Melee: Unarmed           |    95 |   161 |   282 |   237 ||   775
       Kick              |     6 |    10 |    20 |    31 ||    67
       Punch             |     2 |     1 |     4 |     7 ||    14
       Headbutt          |     2 |     8 |    15 |     8 ||    33
Throw: Dart              |       |    20 |       |       ||    20
       Large rock        |       |       |       |     5 ||     5
 Cast: Beastly Appendage |    25 |    23 |    38 |    33 ||   119
       Sticks to Snakes  |       |     5 |    26 |    17 ||    48
       Pain              |       |       |     8 |     3 ||    11
       Animate Dead      |       |       |       |     7 ||     7
       Corpse Rot        |       |       |       |     1 ||     1
Invok: Receive Corpses   |       |       |       |     5 ||     5
Evoke: Wand              |       |       |     2 |       ||     2
  Use: Scroll            |       |     3 |     3 |     6 ||    12
       Potion            |       |       |       |     2 ||     2
 Stab: Sleeping          |       |     1 |       |       ||     1
       Distracted        |       |       |       |     2 ||     2
  Eat: Chunk             |    19 |    19 |    33 |    27 ||    98
Armor: Robe              |    46 |    74 |   176 |   157 ||   453
Dodge: Dodged            |    43 |    85 |   169 |   131 ||   428

Table legend:
 A = Non-vault XP
 B = Vault XP
 C = Vault XP percentage of total XP
 D = Non-vault monster count
 E = Vault monster count
 F = Vault count percentage of total count
                 A         B        C        D         E       F
            +---------+---------+-------+---------+---------+-------
      Total |    9603 |    1762 |  15.5 |     222 |      19 |   7.9
            +---------+---------+-------+---------+---------+-------
        D:1 |      34 |       0 |   0.0 |      18 |       0 |   0.0
        D:2 |      62 |       7 |  10.1 |      18 |       4 |  18.2
        D:3 |     100 |       0 |   0.0 |      22 |       0 |   0.0
        D:4 |     432 |      24 |   5.3 |      20 |       4 |  16.7
        D:5 |     236 |       0 |   0.0 |      16 |       0 |   0.0
        D:6 |     835 |     459 |  35.5 |      17 |       3 |  15.0
        D:7 |    1140 |     423 |  27.1 |      21 |       3 |  12.5
        D:8 |    1872 |     322 |  14.7 |      36 |       1 |   2.7
        D:9 |    4233 |     527 |  11.1 |      45 |       4 |   8.2
       D:10 |     597 |       0 |   0.0 |       7 |       0 |   0.0
       D:11 |      62 |       0 |   0.0 |       2 |       0 |   0.0
            +---------+---------+-------+---------+---------+-------
